 Dungeon Crawl Stone Soup version 0.16-a0-4099-g0be755f (webtiles) character file.

28083 ketsa the Thaumaturge (level 13, -8/76 HPs)
             Began as a Deep Elf Conjurer on Feb 22, 2015.
             Was the Champion of Sif Muna.
             Mangled by an eight-headed hydra (11 damage)
             ... on level 5 of the Lair of Beasts on Feb 25, 2015.
             The game lasted 02:12:48 (26945 turns).

ketsa the Thaumaturge (Deep Elf Conjurer)          Turns: 26945, Time: 02:12:49

Health: -8/76      AC: 13    Str:  3    XL:     13   Next: 7%
Magic:  45/45      EV: 17    Int: 25    God:    Sif Muna [******]
Gold:   1378       SH:  0    Dex: 12    Spells: 8 memorised, 13 levels left

rFire  + . .     SeeInvis .     X - staff of wizardry
rCold  . . .     Clarity  .     M - +2 robe {MR+}
rNeg   . . .     SustAb   .     (no shield)
rPois  +         Gourm    .     B - +1 helmet
rElec  .         Spirit   .     f - +2 cloak
rCorr  .         Warding  .     (no gloves)
rMut   +         Stasis   .     V - +2 pair of boots of Okhou {+Fly rPois rF+ Str-3 Dex-3}
MR     ++...                    g - amulet of resist mutation
Stlth  ++........               J - ring of magical power
                                T - +1 ring of protection

@: very slightly contaminated, repel missiles, invisible, very resistant to
hostile enchantments, unstealthy
A: no striking features
a: Channel Energy, Forget Spell, Renounce Religion, Evoke Flight


You were on level 5 of the Lair of Beasts.
You worshipped Sif Muna.
Sif Muna was exalted by your worship.
You were not hungry.

You visited 3 branches of the dungeon, and saw 18 of its levels.
You also visited: Sewer and Volcano.

You collected 1378 gold pieces.

Inventory:

Hand weapons
 O - a +0 blowgun
Missiles
 R - 11 poisoned needles
Armour
 a - a +0 robe of fire resistance
 d - a +2 pair of boots of fire resistance
 f - a +2 cloak (worn)
 B - a +1 helmet (worn)
 M - a +2 robe of magic resistance (worn)
 V - the +2 pair of boots of Okhou (worn) {+Fly rPois rF+ Str-3 Dex-3}
   (You found it on level 8 of the Dungeon)

   It affects your strength (-3).
   It affects your dexterity (-3).
   It protects you from fire.
   It protects you from poison.
   It lets you fly.
Magical staves
 X - an uncursed staff of wizardry (weapon)
Jewellery
 g - an amulet of resist mutation (around neck)
 q - an uncursed ring of protection from fire
 v - an uncursed ring of see invisible
 J - a ring of magical power (right hand)
 K - an uncursed ring of sustain abilities
 P - an uncursed ring of protection from cold
 T - a +1 ring of protection (left hand)
 U - an uncursed amulet of clarity
Magical devices
 l - a wand of teleportation (4)
 m - a wand of draining (1)
 n - a wand of invisibility (0)
 y - a wand of disintegration (13)
 H - a wand of disintegration (7)
 W - a wand of polymorph (3)
Scrolls
 i - 6 scrolls of enchant weapon
 j - 3 scrolls of identify
 k - 4 scrolls of teleportation
 r - a scroll of recharging
 u - 5 scrolls of remove curse
 w - a scroll of summoning {unknown}
 C - a scroll of blinking {unknown}
 I - 3 scrolls of magic mapping
 L - a scroll of amnesia
 Z - a scroll of fear {unknown}
Potions
 h - 2 potions of cure mutation
 p - 5 potions of brilliance
 s - a potion of berserk rage
 t - 3 potions of might
 x - a potion of invisibility
 z - 3 potions of resistance
 A - 4 potions of agility
 D - 3 potions of restore abilities
 N - a potion of heal wounds
Books
 e - the Almanac of Intoxication
   (You found it in a sewer)

   Spells                             Type                      Level
   a - Mephitic Cloud                 Conjuration/Poison/Air       3
   b - Spider Form                    Transmutation/Poison         3
   c - Olgreb's Toxic Radiance        Poison                       4
 E - Sif Muna's Almanac of Helpful Hexes
   (Sif Muna gifted it to you on level 5 of the Lair of Beasts)

   Spells                             Type                      Level
   a - Corona                         Hexes                        1
   b - Sure Blade                     Hexes/Charms                 2
   c - Ensorcelled Hibernation        Hexes/Ice                    2
   d - Spectral Weapon                Hexes/Charms                 3
   e - Tukima's Dance                 Hexes                        3
   f - Leda's Liquefaction            Hexes/Earth                  4
 F - a book of Cantrips

   Spells                             Type                      Level
   a - Corona                         Hexes                        1
   b - Animate Skeleton               Necromancy                   1
   c - Summon Small Mammal            Summoning                    1
   d - Apportation                    Translocation                1
 G - a Necronomicon {highlevel, unknown}

   This book is beyond your current level of understanding.

   Spells                             Type                      Level
   a - Haunt                          Necromancy/Summoning         7
   b - Borgnjor's Revivification      Necromancy                   8
   c - Death's Door                   Charms/Necromancy            8
   d - Necromutation                  Transmutation/Necromancy     8
 Q - a book of Minor Magic

   Spells                             Type                      Level
   a - Magic Dart                     Conjuration                  1
   b - Blink                          Translocation                2
   c - Call Imp                       Summoning                    2
   d - Repel Missiles                 Charms/Air                   2
   e - Slow                           Hexes                        2
   f - Conjure Flame                  Conjuration/Fire             3
   g - Mephitic Cloud                 Conjuration/Poison/Air       3
 Y - a book of Minor Magic

   Spells                             Type                      Level
   a - Magic Dart                     Conjuration                  1
   b - Blink                          Translocation                2
   c - Call Imp                       Summoning                    2
   d - Repel Missiles                 Charms/Air                   2
   e - Slow                           Hexes                        2
   f - Conjure Flame                  Conjuration/Fire             3
   g - Mephitic Cloud                 Conjuration/Poison/Air       3
Comestibles
 b - 10 bread rations
 c - a meat ration
 o - 4 fruits
 S - 2 poisonous chunks of flesh


   Skills:
 + Level 6.8 Fighting
   Level 6.0 Short Blades
 + Level 9.7 Dodging
 - Level 2.4 Stealth
 + Level 12.9 Spellcasting
 + Level 12.9 Conjurations
 - Level 5.2 Hexes
 - Level 6.2 Charms
 - Level 2.0 Air Magic
 - Level 2.1 Poison Magic
 - Level 5.9 Invocations
 + Level 6.5 Evocations


You had 13 spell levels left.
You knew the following spells:

 Your Spells              Type           Power        Failure   Level  Hunger
a - Magic Dart            Conj           ####         1%          1    None
b - Searing Ray           Conj           ######       1%          2    None
c - Iskenderun's Mystic   Conj           ######..     1%          4    None
d - Dazzling Spray        Conj/Hex       ######..     1%          3    None
e - Fulminant Prism       Conj/Hex       ######....   1%          4    None
f - Mephitic Cloud        Conj/Pois/Air  #####...     1%          3    None
g - Iskenderun's Battles  Conj/Chrm      ######..     1%          5    ###....
h - Repel Missiles        Chrm/Air       #####.       1%          2    None


Dungeon Overview and Level Annotations

Branches:
Dungeon (11/15)            Temple (1/1) D:4            Lair (6/8) D:10
  Swamp (0/5) Lair:5        Snake (0/5) Lair:3          Orc (0/4) D:9
  Slime: Lair:6-8

Altars:
Ashenzari
Cheibriados
Dithmenos
Elyvilon
Fedhas
Gozag
Kikubaaqudgha
Makhleb
Nemelex Xobeh
Okawaru
Qazlal
Ru
Sif Muna
Trog
Vehumet
Xom
Yredelemnul
Zin
The Shining One
Beogh

Shops:
D:4 *

Annotations:
D:6 adozu's ghost, experienced DsVM
D:10 exclusion: downstairs


Message History

You are very lightly contaminated with residual magic.
Evoking this partially-identified wand wasted a few charges.
Your skill with magical items lets you calculate the power of this device...
This wand has 0 charges left.
The eight-headed hydra completely misses you. x2
The eight-headed hydra bites you but does no damage.
The eight-headed hydra barely misses you. x2
The eight-headed hydra bites you!
* * * LOW HITPOINT WARNING * * *
The eight-headed hydra bites you.
* * * LOW HITPOINT WARNING * * *
The eight-headed hydra closely misses you.
There is a stone staircase leading up, spattered with blood here.
The eight-headed hydra barely misses you.
The eight-headed hydra closely misses you.
The eight-headed hydra completely misses you.
The eight-headed hydra bites you!
* * * LOW HITPOINT WARNING * * *
The eight-headed hydra bites you!
You die...

## #P......P##............#######
.# #........###............###.##
.# #.<.......###..........##.....
## #......#####..≈≈≈≈≈....##.##.#
# #####.## #...≈≈≈≈≈....#..P##. #
#.## ##..≈≈≈≈≈..P..P..... # ###
#P..≈≈≈≈≈........... # #######
##..≈≈≈≈≈........... # #P....####
#.@D..........P.... # ##........#
##P................ ###........##
#.................
##.........#####.................
............##≈≈.....#...........
............#≈≈..#...............
.............≈♣≈..PP.#....##...##
............♣♣≈≈≈.....####.#..###
...........§≈≈≈§≈♣....#########


You could see an eight-headed hydra.

Vanquished Creatures
  Nessos (Volcano)
  A hydra (Lair:1)
  A catoblepas (Lair:5)
  A manticore (D:10)
  4 black mambas
  4 elephants (Lair:5)
  2 molten gargoyles (Volcano)
  Joseph (D:7)
  Psyche (D:9)
  5 spiny frogs
  The ghost of dadoka the Carver, an experienced TeFi (D:4)
  5 komodo dragons
  A boulder beetle (Lair:5)
  A troll (D:9)
  A deep elf mage (D:6)
  7 blink frogs
  3 orc warriors
  3 basilisks
  2 fire bats (Volcano)
  Eustachio (D:9)
  26 yaks
  A steam dragon (D:7)
  5 hippogriffs
  A hungry ghost (D:7)
  12 water moccasins
  10 wolves (Lair:5)
  8 porcupines
  3 nagas (Lair:3)
  4 necrophages
  2 sky beasts
  A black bear (D:6)
  An eye of draining (D:9)
  A wasp (D:9)
  11 centaurs
  6 ogres
  4 boring beetles (D:10)
  Sigmund (D:7)
  4 big kobolds
  6 crocodiles
  An elf zombie (D:8)
  A fulminant prism (D:9)
  11 giant frogs
  3 scorpions
  6 killer bees (D:10)
  4 wights (D:4)
  2 human zombies (D:8)
  A lava snake (Volcano)
  2 goliath beetles
  A quasit (D:8)
  6 crimson imps
  4 jellies
  A giant frog zombie (D:5)
  Crazy Yiuf (D:6)
  3 giant frog skeletons
  A gnoll shaman (D:8)
  3 iguanas (Lair:1)
  14 hounds
  3 human skeletons (D:8)
  7 orc priests
  9 orc wizards
  4 worker ants
  18 sheep
  Ijyb (D:3)
  4 mummies
  Robin (D:3)
  4 gnolls (D:6)
  12 adders
  59 river rats
  2 shadow imps
  8 giant mites
  2 worms
  An adder zombie (D:7)
  An adder skeleton (D:8)
  7 giant geckos
  An ooze (D:3)
  40 orcs
  18 bats
  2 bat skeletons
  25 hobgoblins
  12 quokkas
  A ball python (Sewer)
  11 giant cockroaches
  A giant gecko skeleton (D:7)
  A giant gecko zombie (D:7)
  6 giant newts
  22 goblins
  12 jackals
  42 kobolds
  An orc zombie (D:8)
  24 rats
  A butterfly (D:4)
  A fungus (Lair:6)
  A plant (Lair:5)
583 creatures vanquished.

Vanquished Creatures (others)
  32 fulminant prisms
  A worker ant zombie (D:8)
33 creatures vanquished.

Grand Total: 616 creatures vanquished

Notes
Turn   | Place    | Note
--------------------------------------------------------------
     0 | D:1      | ketsa, the Deep Elf Conjurer, began the quest for the Orb.
     0 | D:1      | Reached XP level 1. HP: 10/10 MP: 5/5
   106 | D:2      | Reached XP level 2. HP: 1/15 MP: 1/8
   879 | D:1      | Learned a level 2 spell: Searing Ray
   898 | D:1      | Reached skill level 5 in Conjurations
   963 | D:1      | Reached XP level 3. HP: 17/19 MP: 2/12
  1883 | D:3      | Noticed Ijyb
  1890 | D:3      | Killed Ijyb
  1890 | D:3      | Reached XP level 4. HP: 24/24 MP: 6/16
  1964 | D:3      | Learned a level 4 spell: Iskenderun's Mystic Blast
  2132 | D:3      | Reached skill level 5 in Spellcasting
  2693 | D:3      | Reached XP level 5. HP: 9/28 MP: 8/19
  2944 | D:3      | Noticed Robin
  3237 | D:3      | Found a bloodstained altar of Trog.
  3497 | D:2      | Learned a level 3 spell: Dazzling Spray
  3597 | D:3      | Reached skill level 6 in Conjurations
  3623 | D:3      | Killed Robin
  4406 | D:4      | Found a shimmering altar of Xom.
  4482 | D:4      | Reached XP level 6. HP: 32/32 MP: 17/22
  4659 | D:3      | Upgraded the game from 0.16-a0-4083-g5af668b to 0.16-a0-4088-g7c8221e
  4726 | D:4      | Noticed dadoka's ghost (experienced TeFi)
  5103 | D:4      | Noticed an ogre
  5146 | D:4      | Killed an ogre
  5146 | D:4      | Reached skill level 1 in Hexes
  5282 | D:4      | Found a staircase to the Ecumenical Temple.
  5288 | Temple   | Entered the Ecumenical Temple
  5386 | Temple   | Became a worshipper of Sif Muna the Loreminder
  5404 | D:4      | Found Zin's Purification Station.
  5405 | D:4      | Found a glowing silver altar of Zin.
  5470 | D:3      | Found an opulent altar of Gozag.
  5632 | D:4      | Noticed an ogre
  5692 | D:4      | Reached skill level 7 in Conjurations
  5695 | D:4      | Killed an ogre
  5918 | D:4      | Reached XP level 7. HP: 36/36 MP: 7/24
  6327 | D:4      | Killed dadoka's ghost
  6327 | D:4      | Acquired Sif Muna's first power
  6327 | D:4      | Reached skill level 1 in Short Blades
  6927 | D:4      | Found an iron altar of Okawaru.
  6928 | D:4      | Found a blossoming altar of Fedhas.
  7063 | D:4      | Found a sacrificial altar of Ru.
  7194 | D:5      | Entered Level 5 of the Dungeon
  7258 | D:5      | Reached XP level 8. HP: 41/41 MP: 9/27
  7359 | D:5      | Found a glowing drain.
  7369 | Sewer    | Entered a sewer
  7486 | Sewer    | Learned a level 4 spell: Fulminant Prism
  7719 | Sewer    | Reached skill level 8 in Conjurations
  7886 | Sewer    | Identified the Almanac of Intoxication
  7896 | Sewer    | Learned a level 3 spell: Mephitic Cloud
  8088 | D:5      | Found a shattered altar of Ashenzari.
  8090 | D:5      | Found a snail-covered altar of Cheibriados.
  8342 | D:5      | Found a shadowy altar of Dithmenos.
  8422 | D:5      | Found a stormy altar of Qazlal.
  8543 | D:5      | Reached skill level 5 in Hexes
  8697 | D:6      | Reached skill level 1 in Poison Magic
  8955 | D:6      | Found a stormy altar of Qazlal.
  9040 | D:6      | Acquired Sif Muna's second power
  9040 | D:6      | Reached skill level 1 in Air Magic
  9216 | D:6      | Noticed adozu's ghost (experienced DsVM)
  9792 | D:7      | Found a white marble altar of Elyvilon.
  9800 | D:7      | Reached skill level 9 in Conjurations
  9983 | D:7      | Noticed Joseph
 10086 | D:7      | Reached XP level 9. HP: 45/45 MP: 19/29
 10156 | D:7      | Killed Joseph
 10744 | D:7      | Noticed Sigmund
 10908 | D:6      | Reached skill level 5 in Short Blades
 11115 | D:6      | Noticed Crazy Yiuf
 11117 | D:6      | Killed Crazy Yiuf
 11265 | D:6      | Found an opulent altar of Gozag.
 11619 | D:7      | Reached skill level 10 in Spellcasting
 11766 | D:7      | Killed Sigmund
 11768 | D:7      | Reached skill level 10 in Conjurations
 12078 | D:7      | Found a radiant altar of Vehumet.
 12078 | D:7      | Found a burning altar of Makhleb.
 12845 | D:8      | Reached skill level 1 in Fighting
 12970 | D:8      | Got a pair of crude boots
 12981 | D:8      | Identified the +2 pair of boots of Okhou {+Fly rPois rF+ Str-3 Dex-3} (You found it on level 8 of the Dungeon)
 13013 | D:8      | Reached XP level 10. HP: 52/52 MP: 22/31
 13704 | D:8      | Reached skill level 1 in Invocations
 13940 | D:8      | Found an ancient bone altar of Kikubaaqudgha.
 14103 | D:8      | Acquired Sif Muna's third power
 14496 | D:8      | Upgraded the game from 0.16-a0-4088-g7c8221e to 0.16-a0-4099-g0be755f
 14585 | D:8      | Learned a level 5 spell: Iskenderun's Battlesphere
 14676 | D:9      | Found a staircase to the Orcish Mines.
 14719 | D:9      | Found a roughly hewn altar of Beogh.
 15159 | D:9      | Noticed Psyche
 15165 | D:9      | Killed Psyche
 15276 | D:9      | Noticed Eustachio
 15305 | D:9      | Killed Eustachio
 15305 | D:9      | Reached skill level 5 in Dodging
 15335 | D:9      | Reached skill level 11 in Conjurations
 16024 | D:9      | Reached skill level 1 in Charms
 16426 | D:10     | Entered Level 10 of the Dungeon
 17409 | D:10     | Reached XP level 11. HP: 60/60 MP: 12/32
 17504 | D:10     | Learned a level 2 spell: Repel Missiles
 17651 | D:10     | Found a staircase to the Lair.
 18513 | Lair:1   | Entered Level 1 of the Lair of Beasts
 18690 | Lair:1   | Found a dark tunnel.
 18705 | Volcano  | Entered a volcano
 18755 | Volcano  | Found a bloodstained altar of Trog.
 18755 | Volcano  | Noticed Nessos
 18864 | Volcano  | Killed Nessos
 18875 | Volcano  | Reached skill level 5 in Invocations
 19167 | Volcano  | Reached skill level 5 in Charms
 20223 | Lair:1   | Noticed a five-headed hydra
 20235 | Lair:1   | Killed a five-headed hydra
 20643 | Lair:2   | Reached skill level 12 in Conjurations
 20646 | Lair:2   | Reached skill level 1 in Evocations
 20959 | Lair:2   | Reached skill level 5 in Fighting
 21321 | Lair:2   | Reached XP level 12. HP: 38/68 MP: 21/34
 22511 | Lair:3   | Found a staircase to the Snake Pit.
 23215 | Lair:4   | Found a stormy altar of Qazlal.
 24682 | Lair:5   | Found a staircase to the Swamp.
 24873 | Lair:5   | Received a gift from Sif Muna
 24874 | Lair:5   | Identified Sif Muna's Almanac of Helpful Hexes (Sif Muna gifted it to you on level 5 of the Lair of Beasts)
 25227 | Lair:5   | Reached skill level 5 in Evocations
 26254 | Lair:5   | Reached XP level 13. HP: 76/76 MP: 18/36
 26921 | Lair:6   | Noticed an eight-headed hydra
 26945 | Lair:5   | HP: 3/76 [eight-headed hydra (9)]
 26945 | Lair:5   | Mangled by an eight-headed hydra

Action                   |  1- 3 |  4- 6 |  7- 9 | 10-12 | 13-15 || total
-------------------------+-------+-------+-------+-------+-------++-------
Melee: Unarmed           |       |     4 |     3 |       |       ||     7
       Dagger            |       |       |    12 |    58 |       ||    70
       Staff             |       |       |       |     5 |     2 ||     7
 Cast: Magic Dart        |    85 |   150 |   312 |   336 |    39 ||   922
       Searing Ray       |     2 |    11 |     3 |     8 |       ||    24
       Iskenderun's Myst |       |    14 |    82 |   266 |    14 ||   376
       Dazzling Spray    |       |     1 |     5 |     2 |       ||     8
       Fulminant Prism   |       |       |    12 |    21 |       ||    33
       Mephitic Cloud    |       |       |     1 |    11 |       ||    12
       Iskenderun's Batt |       |       |       |    70 |     8 ||    78
       Repel Missiles    |       |       |       |     2 |       ||     2
Invok: Channel Energy    |       |       |       |    85 |    27 ||   112
Evoke: Wand              |       |       |       |       |     1 ||     1
  Use: Scroll            |       |     1 |     9 |    23 |       ||    33
       Potion            |       |     1 |     5 |     6 |       ||    12
  Eat: Chunk             |     2 |    10 |     4 |    41 |     7 ||    64
       Fruit             |       |     2 |       |     5 |       ||     7
       Pizza             |       |     1 |     2 |     3 |       ||     6
       Beef jerky        |       |     1 |       |     1 |       ||     2
       Meat ration       |       |       |     4 |     2 |       ||     6
       Royal jelly       |       |       |     1 |       |       ||     1
